 Dungeon Crawl Stone Soup version 0.23.2-33-g5129a83184 (webtiles) character file.

Game seed: 10947343723731008648

2132 Sagoz the Ruffian (level 9, 0/88 HPs)
             Began as a Troll Berserker on July 24, 2019.
             Was a Priest of Trog.
             Slain by Folque's ghost (1 damage)
             ... on level 7 of the Dungeon.
             The game lasted 00:26:35 (4278 turns).

Sagoz the Ruffian (Troll Berserker)                 Turns: 4278, Time: 00:26:35

Health: 0/88       AC:  6    Str: 34    XL:     9   Next: 9%
Magic:  8/8        EV: 11    Int:  3    God:    Trog [***...]
Gold:   252        SH:  0    Dex:  9    Spells: 8/8 levels left

rFire    . . .     SeeInvis .     - Unarmed
rCold    . . .     Gourm    +   (no shield)
rNeg     . . .     Faith    .   r - +0 robe
rPois    .         Spirit   .   (helmet restricted)
rElec    .         Reflect  .   (no cloak)
rCorr    .         Harm     .   (gloves unavailable)
MR       +....                  (boots unavailable)
Stlth    +.........             (no amulet)
HPRegen  0.64/turn              n - +4 ring of strength
MPRegen  0.11/turn              q - ring of protection from magic

@: berserk cooldown, slowed, drained, very slow
A: large, unfitting armour, claws 3, fast metabolism 3, gourmand, regeneration
1, shaggy fur 1, tough skin 3
a: Berserk, Trog's Hand, Renounce Religion


You were on level 7 of the Dungeon.
You worshipped Trog.
Trog was most pleased with you.
You were hungry.

You visited 1 branch of the dungeon, and saw 6 of its levels.

You collected 252 gold pieces.

Inventory:

Armour
 r - a +0 robe (worn)
Jewellery
 n - a +4 ring of strength (left claw)
 q - a ring of protection from magic (right claw)
 x - a +5 ring of evasion
Wands
 o - a wand of disintegration (15)
 w - a wand of acid (4)
Scrolls
 c - a scroll of enchant armour {unknown}
 f - 2 scrolls of magic mapping {unknown}
 g - 4 scrolls of identify {unknown}
 h - 4 scrolls of remove curse {unknown}
 i - 2 scrolls of immolation {unknown}
 j - a scroll of blinking {unknown}
 p - a scroll of teleportation {unknown}
Potions
 a - a potion of might {unknown}
 d - 4 potions of curing {unknown}
 e - 3 potions of invisibility
 k - 2 potions of haste
 l - a potion of heal wounds
 s - a potion of magic {unknown}
Comestibles
 b - 4 rations


   Skills:
 + Level 5.4(4.6) Fighting
 + Level 3.9(3.2) Armour
 + Level 5.7(5.0) Dodging
 - Level 0.4(0.0) Stealth
 + Level 7.3(6.5) Unarmed Combat


You had 8 spell levels left.
You didn't know any spells.
Your spell library was empty.

Dungeon Overview and Level Annotations

Branches:
Dungeon (7/15)             Temple (0/1) D:6

Altars:
Elyvilon
Hepliaklqana

Annotations:
D:7 Folque's ghost, novice DgCj


Innate Abilities, Weirdness & Mutations

You are too large for most types of armour.
You have claws for hands.
Your metabolism is lightning-fast.
You like to eat raw meat.
Your natural rate of healing is unusually fast.
You are covered in fur. (AC +1)
You have extremely tough skin. (AC +3)


Message History

Folque's ghost is almost destroyed.
The spectral bullfrog hits you but does no damage.
The shadow imp hits you but does no damage.
Folque's ghost gestures at you while chanting.
The magic dart hits you.
* * * LOW HITPOINT WARNING * * *
The spectral bullfrog hits you.
* * * LOW HITPOINT WARNING * * *
You are too berserk!
You are too berserk!
You closely miss Folque's ghost.
Folque's ghost is almost destroyed.
You are no longer berserk.
You are exhausted.
You feel as though you will be slow longer.
The shadow imp hits you.
* * * LOW HITPOINT WARNING * * *
Folque's ghost hits you.
* * * LOW HITPOINT WARNING * * *
You die...

... ##..#######....... #..
#................. #.#
#.#############... #..###
#.#...........#...
#....###.#...........#.#.
#..#....#.#..###.###..#.#.
#..
####...#..#8#.#8#..#.#. #.
#..W#)..!.......#... ..
#..@#W....©.W.?.#§.. ..
##5Z#W.......W..#..# .
##.#..#8#.#8#5)#.##
#..####.#..###.###.§#...
#......#...........#...
##...#.#©..........#...
#..##.#############... #..
#................# #..
#####.............


You could see a spectral bullfrog, 2 phantoms, Folque's ghost and a shadow imp.

Vanquished Creatures
  A wraith (D:7)
  2 hungry ghosts (D:7)
  2 water moccasins
  A necrophage (D:7)
  3 ice beasts
  An ogre (D:7)
  3 centaurs
  A wyvern zombie (D:7)
  A gnoll sergeant (D:7)
  A water moccasin zombie (D:7)
  2 scorpions (D:5)
  A howler monkey (D:5)
  A quasit (D:7)
  A hound (D:5)
  3 orc priests
  An orc wizard (D:7)
  A jelly (D:6)
  A bullfrog skeleton (D:6)
  2 worker ants
  An iguana (D:5)
  A hound skeleton (D:7)
  5 gnolls (D:7)
  6 adders
  A shadow imp (D:5)
  2 oozes (D:1)
  An adder zombie (D:7)
  2 adder skeletons (D:6)
  A worm (D:5)
  2 leopard geckos
  13 orcs
  5 giant cockroaches
  4 goblins
  3 hobgoblins (D:1)
  8 jackals
  7 bats
  A frilled lizard (D:1)
  7 kobolds
  3 rats (D:1)
102 creatures vanquished.

Notes
Turn   | Place    | Note
-------+----------+-------------------------------------------
     0 | D:1      | Sagoz the Troll Berserker began the quest for the Orb.
     0 | D:1      | Reached XP level 1. HP: 22/22 MP: 0/0
   202 | D:1      | Reached XP level 2. HP: 29/29 MP: 1/1
   791 | D:1      | Reached XP level 3. HP: 36/36 MP: 2/2
  1059 | D:2      | Reached ** piety under Trog
  1884 | D:3      | You fall through a shaft for 2 floors!
  1884 | D:5      | Entered Level 5 of the Dungeon
  1959 | D:5      | Noticed a water moccasin
  1963 | D:5      | Reached skill level 4 in Unarmed Combat
  1963 | D:5      | Reached XP level 4. HP: 45/45 MP: 3/3
  1965 | D:5      | Killed a water moccasin
  1965 | D:5      | Reached XP level 5. HP: 53/53 MP: 4/4
  2187 | D:5      | Noticed a centaur
  2192 | D:5      | Killed a centaur
  2192 | D:5      | Reached skill level 5 in Unarmed Combat
  2192 | D:5      | Reached XP level 6. HP: 61/61 MP: 5/5
  2305 | D:5      | Found a white marble altar of Elyvilon.
  2455 | D:5      | Noticed an ice beast
  2462 | D:5      | Killed an ice beast
  2462 | D:5      | Reached skill level 1 in Armour
  2462 | D:5      | Reached XP level 7. HP: 68/68 MP: 6/6
  2534 | D:5      | Found a hazy altar of Hepliaklqana.
  2953 | D:6      | Reached skill level 6 in Unarmed Combat
  3160 | D:6      | Reached *** piety under Trog
  3183 | D:6      | Reached XP level 8. HP: 59/79 MP: 7/7
  3254 | D:6      | Found a staircase to the Ecumenical Temple.
  3435 | D:7      | Reached skill level 5 in Dodging
  3865 | D:7      | Reached skill level 5 in Fighting
  4099 | D:7      | Reached skill level 7 in Unarmed Combat
  4109 | D:7      | Found a transporter.
  4109 | D:7      | Noticed Folque's ghost (novice DgCj)
  4142 | D:7      | Found a transporter.
  4205 | D:7      | Reached XP level 9. HP: 85/88 MP: 8/8
  4231 | D:7      | Paralysed by fainting for 7 turns
  4278 | D:7      | HP: 2/88 [shadow imp (3)]
  4278 | D:7      | Slain by Folque's ghost

Skill      XL: |  1  2  3  4  5  6  7  8 |
---------------+-------------------------+-----
Fighting       | 3 4 5 |  5.4
Dodging        | 3 4 5 |  5.7
Unarmed Combat | 4 5 6 7 |  7.3
Armour         | 1 2 3 |  3.9
Stealth        | |  0.4

Action                   |  1- 3 |  4- 6 |  7- 9 || total
-------------------------+-------+-------+-------++-------
Melee: Unarmed           |    80 |    43 |   183 ||   306
       Punch             |     3 |       |     6 ||     9
Invok: Berserk           |     1 |     3 |     3 ||     7
  Use: Potion            |       |       |     3 ||     3
  Eat: Chunk             |    20 |     8 |     9 ||    37
       Ration            |     1 |       |     3 ||     4
Armor: Animal skin       |    49 |       |       ||    49
       Robe              |     1 |    19 |    65 ||    85
Dodge: Dodged            |    79 |    20 |   121 ||   220
